 Dungeon Crawl Stone Soup version 0.32-a0-918-g0f22ef8d61 (webtiles) character file.

Game seed: 7514041079022354678

61786 Essalna the Warrior (level 14, -5/123 HPs)
             Began as a Demonspawn Fire Elementalist on Mar 28, 2024.
             Was a High Priest of Vehumet.
             Slain by a death yak (9 damage)
             ... on level 3 of the Lair of Beasts on Apr 10, 2024.
             The game lasted 00:43:05 (21147 turns).

Essalna the Warrior (Demonspawn Fire Elementalist) Turns: 21147, Time: 00:43:06

Health: -5/123     AC: 14    Str:  8    XL:     14   Next: 61%
Magic:  3/27       EV: 11    Int: 21    God:    Vehumet [*****.]
Gold:   1367       SH:  5    Dex: 14    Spells: 18/31 levels left

rFire   + + .        x - staff of fire
rCold   . . .        R - +0 buckler
rNeg    . . .        B - +0 leather armour {rPois}
rPois   +            (helmet restricted)
rElec   .            y - +2 cloak
rCorr   +            k - +0 pair of gloves
SInv    .            (no boots)
Will    +++..        o - amulet of regeneration
Stlth   ++           l - ring "Gouphume" {rF+ Will++ rCorr}
HPRegen 1.20/turn    t - +4 ring of protection
MPRegen 0.20/turn

%: no passive effects
@: no status effects
A: antennae 2, icy blue scales 2, foul stench 1, demonic magic 3
a: Renounce Religion


You were on level 3 of the Lair of Beasts.
You worshipped Vehumet.
Vehumet was extremely pleased with you.
You visited 3 branches of the dungeon, and saw 17 of its levels.

You collected 1367 gold pieces.

Inventory:

Hand Weapons
 c - a +0 hand axe
 i - a +2 short sword of electrocution
 w - a +1 rapier of protection
 P - a +4 dagger of venom
Missiles
 J - a throwing net
Armour
 k - a +0 pair of gloves (worn)
 v - a +3 leather armour
 y - a +2 cloak (worn)
 B - a +0 leather armour of poison resistance (worn)
 R - a +0 buckler (worn)
Magical Staves
 x - a staff of fire (weapon)
 S - a staff of air
Jewellery
 l - the ring "Gouphume" (left hand) {rF+ Will++ rCorr}
   (You acquired it on level 10 of the Dungeon)

   [ring of resist corrosion]

   rF+:       It protects you from fire.
   Will++:    It greatly increases your willpower.
   rCorr:     It protects you from acid and corrosion.
 n - a ring of protection from cold
 o - an amulet of regeneration (around neck)
 t - a +4 ring of protection (right hand)
 C - a +6 ring of intelligence
 U - a ring of protection from cold
Wands
 r - a wand of paralysis (22)
 D - a wand of roots (16)
 E - a wand of flame (28)
 F - a wand of quicksilver (6)
 O - a wand of polymorph (4)
Scrolls
 b - 4 scrolls of blinking
 g - 13 scrolls of identify
 p - 4 scrolls of amnesia {unknown}
 q - 11 scrolls of teleportation {unknown}
 s - 2 scrolls of revelation {unknown}
 u - 3 scrolls of fear {unknown}
 A - 3 scrolls of immolation {unknown}
 G - 2 scrolls of poison {unknown}
 H - 2 scrolls of enchant weapon {unknown}
 K - a scroll of summoning {unknown}
 M - 3 scrolls of torment {unknown}
 N - a scroll of enchant armour {unknown}
 T - a scroll of fog {unknown}
Potions
 a - 4 potions of curing
 d - 3 potions of heal wounds
 e - 5 potions of lignification {unknown}
 f - a potion of haste
 h - 6 potions of brilliance {unknown}
 j - 2 potions of mutation {unknown}
 m - 7 potions of might {unknown}
 z - a potion of invisibility {unknown}
 I - 3 potions of attraction {unknown}
 L - a potion of ambrosia {unknown}
 Q - a potion of magic


   Skills:
 + Level 15.2 Fighting
 - Level 4.0 Armour
 - Level 4.1 Dodging
 - Level 1.7 Stealth
 - Level 4.0 Shields
 - Level 9.1 Spellcasting
 - Level 8.0 Conjurations
 + Level 13.4 Fire Magic
 - Level 6.0 Air Magic


You had 18 spell levels left.
You knew the following spells:

 Your Spells              Type           Power      Damage    Failure   Level
a - Foxfire               Conj/Fire      100%       2x1d9     1%          1
b - Scorch                Fire           100%       2d9       1%          2
c - Flame Wave            Conj/Fire      70%        2d16      1%          4
d - Plasma Beam           Fire/Air       33%        2x1d46    11%         6

Your spell library contained the following spells:

 Spells                   Type           Power      Damage    Failure   Level
 Iskenderun's Battlesphe  Conj           43%        2d9       4%          5
 Inner Flame              Hex/Fire       54%        N/A       1%          3
 Volatile Blastmotes      Fire/Tloc      100%       2d18      1%          3
 Ignite Poison            Fire/Alch      54%        N/A       2%          4
 Sticky Flame             Fire/Alch      54%        2d10      2%          4
 Arcjolt                  Conj/Air       19%        1d29      7%          5
 Cigotuvi's Dreadful Rot  Necr/Alch/Air  36%        N/A       10%         2
 Apportation              Tloc           18%        N/A       16%         1
 Jinxbite                 Hex            18%        N/A       22%         2
 Call Canine Familiar     Summ           9%         N/A       41%         3
 Sigil of Binding         Hex            9%         N/A       41%         3
 Tukima's Dance           Hex            9%         N/A       41%         3
 Vhi's Electric Charge    Tloc/Air       44%        N/A       41%         4
 Yara's Violent Unravell  Hex/Alch       4%         3d4       67%         5
 Ignition                 Fire           39%        3d12      67%         8
 Dimensional Bullseye     Hex/Tloc       4%         N/A       83%         4
 Dispel Undead            Necr           9%         3d8       83%         4
 Martyr's Knell           Necr/Summ      9%         N/A       83%         4
 Passage of Golubria      Tloc           9%         N/A       83%         4
 Alistair's Intoxication  Alch           6%         N/A       99%         5
 Death Channel            Necr           4%         N/A       100%        6
 Sculpt Simulacrum        Ice/Alch       4%         N/A       100%        6


Dungeon Overview and Level Annotations

Branches:
Dungeon (11/15)            Temple (1/1) D:6            Lair (5/5) D:11
 Shoals (0/4) Lair:3       Spider (0/4) Lair:3        Slime (0/5) Lair:5
    Orc: D:9-12

Altars:
Ashenzari
Cheibriados
Dithmenos
Fedhas
Gozag
Hepliaklqana
Kikubaaqudgha
Makhleb
Nemelex Xobeh
Okawaru
Qazlal
Ru
Sif Muna
Trog
Uskayaw
Vehumet
Wu Jian
Xom
Yredelemnul

Shops:
D:1 !   D:4 !   D:8 *?[*

Annotations:
Lair:2 2 transporters, exclusion: oklob plant


Innate Abilities, Weirdness & Mutations

You have a pair of antennae on your head.
You are mostly covered in icy blue scales. (AC +3)
You may rarely emit foul miasma when damaged in melee.
Spells you cast and wands you use may paralyse nearby enemies.


Message History

You feel a surge of power!
A wave of flame ripples out!
The flame wave engulfs the death yak.
The death yak is severely wounded.
The flame wave engulfs the death yak!
The death yak is severely wounded. (Press . to intensify the flame waves.) Malevolent energies surge around you.
You block the death yak's attack.
A wave of flame ripples out!
The flame wave engulfs the death yak!
The death yak is almost dead.
The flame wave engulfs the death yak but does no damage.
The death yak is severely wounded.
The flame wave engulfs the death yak!
The death yak is severely wounded.
The death yak gores you but does no damage.
A wave of flame ripples out!
The flame wave engulfs the death yak!
The death yak is almost dead.
The flame wave engulfs the death yak!
The death yak is almost dead.
The flame wave engulfs the death yak.
The death yak is severely wounded.
The flame wave engulfs the death yak!
The death yak is severely wounded.
The death yak gores you!!
* * * LOW HITPOINT WARNING * * *
The death yak gores you!!
* * * LOW HITPOINT WARNING * * *
The death yak barely misses you.
A wave of flame ripples out!
The flame wave engulfs the death yak!
The death yak is almost dead.
The flame wave engulfs the death yak!
You kill the death yak!
Vehumet accepts your kill.
You feel your power returning.
The flame wave engulfs the death yak!
The death yak is almost dead.
The flame wave engulfs the death yak!!
The death yak is almost dead.
The flame wave engulfs the fungus!
The fungus begins to die.
The fungus is lightly damaged.
You finish channelling waves of flame.
The death yak gores you!
You die...

##### ####P..### {
#........#### . {
#.......#.#.##... {
#..#...†#†°......
##......@Y........
#..##...YY#######. ##
#..##....## #..#
##.##....## ##...
#.##.....# # #...#
#.##...)## .# #....
#..#.....# .# ..#P
#.......## ###.# .....
##..#....######...###....


You could see 3 death yaks.

Vanquished Creatures
  An azure jelly (Lair:4)
  The ghost of paps the Fighter, a journeyman DsGl of Gozag (D:10)
  Josephine (D:10)
  Erolcha (D:10)
  2 hydras
  2 two-headed ogres
  7 death yaks
  Urug (D:10)
  Sonja (Lair:2)
  Nergalle (Lair:2)
  Pikel (D:9)
  A cyclops (Lair:3)
  24 elephants
  2 molten gargoyles (Lair:3)
  2 black mambas
  15 cane toads
  3 torpor snails
  Maggie (D:10)
  An unseen horror (D:11)
  4 rime drakes
  A kobold demonologist (D:10)
  10 komodo dragons
  A troll (D:11)
  8 polar bears
  Prince Ribbit (D:6)
  6 hornets
  12 dream sheep
  2 jumping spiders (Lair:3)
  4 slime creatures (Lair:4)
  16 blink frogs
  4 culicivoras (Lair:3)
  11 spriggans (Lair:5)
  2 shadows
  Sigmund (D:5)
  4 wraiths (D:10)
  4 wyverns
  31 yaks
  Eustachio (D:4)
  3 steam dragons
  7 basilisks
  2 redbacks (Lair:3)
  4 vampire mosquitoes (D:11)
  17 water moccasins
  2 acid dragons
  12 orc warriors
  3 black bears (Lair:5)
  2 ice beasts
  5 boggarts (Lair:5)
  41 wolves
  9 centaurs
  A lemure (D:9)
  Blork the orc (D:6)
  2 kobold brigands
  12 bullfrogs
  3 gnoll sergeants
  2 scorpions
  A burial acolyte (D:8)
  7 wights (D:9)
  9 killer bees
  An electric eel (Lair:1)
  5 lava snakes (Lair:3)
  5 jellies
  4 hounds
  12 orc priests
  Crazy Yiuf (D:5)
  A sleepcap (D:6)
  4 iguanas
  17 orc wizards
  Natasha (twice) (D:4)
  4 hell rats (Lair:3)
  2 hound zombies (D:8)
  6 adders
  11 gnolls
  2 shadow imps (D:8)
  3 white imps (D:7)
  4 ufetubi (D:5)
  An adder zombie (D:8)
  4 dart slugs
  A ribbon worm (D:2)
  44 orcs
  9 endoplasms
  4 giant cockroaches
  A gnoll zombie (D:8)
  14 goblins
  12 hobgoblins
  7 jackals
  5 quokkas
  13 ball pythons
  4 bats
  3 frilled lizards (D:1)
  10 kobolds
  3 kobold zombies (D:8)
  6 rats
561 creatures vanquished.

Vanquished Creatures (collateral kills)
  43 foxfires
43 creatures vanquished.

Vanquished Creatures (others)
  A kobold (D:7)
  1468 foxfires
1469 creatures vanquished.

Grand Total: 2073 creatures vanquished

Notes
Turn   | Place    | Note
-------+----------+-------------------------------------------
     0 | D:1      | Essalna the Demonspawn Fire Elementalist began the quest
                  | for the Orb.
     0 | D:1      | Reached XP level 1. HP: 13/13 MP: 3/3
   232 | D:1      | Gained mutation: Spells you cast may paralyse adjacent
                  | enemies. [demonic ancestry]
   232 | D:1      | Reached XP level 2. HP: 19/19 MP: 1/5
   834 | D:1      | Gained mutation: You are partially covered in icy blue
                  | scales. (AC +2) [demonic ancestry]
   834 | D:1      | Reached XP level 3. HP: 15/24 MP: 2/6
  1174 | D:1      | Found Efyhaona's Distillery.
  1759 | D:2      | Reached XP level 4. HP: 23/30 MP: 2/7
  2671 | D:2      | Found a faded altar of an unknown god.
  3152 | D:3      | Found a blossoming altar of Fedhas.
  3172 | D:3      | Found a shadowy altar of Dithmenos.
  3218 | D:3      | Found a broken altar of Ashenzari.
  3735 | D:3      | Reached XP level 5. HP: 31/35 MP: 8/8
  4085 | D:4      | Noticed Natasha
  4090 | D:4      | Killed Natasha
  4161 | D:4      | Found Vuatsuank's Distillery.
  4454 | D:4      | Learned a level 2 spell: Scorch
  4459 | D:4      | Learned a level 4 spell: Flame Wave
  4522 | D:4      | Gained mutation: Spells you cast may paralyse nearby
                  | enemies. [demonic ancestry]
  4522 | D:4      | Reached XP level 6. HP: 25/41 MP: 6/9
  4817 | D:4      | Noticed Eustachio
  4867 | D:4      | Noticed Natasha
  4873 | D:4      | Killed Natasha
  4874 | D:4      | Reached skill level 5 in Fire Magic
  4874 | D:4      | Killed Eustachio
  4875 | D:4      | Reached skill level 5 in Conjurations
  5012 | D:5      | Entered Level 5 of the Dungeon
  5088 | D:5      | Reached XP level 7. HP: 46/46 MP: 5/10
  5443 | D:5      | Found a basalt altar of Yredelemnul.
  5471 | D:5      | Found a runed translucent door.
  5472 | D:5      | Noticed Crazy Yiuf
  5478 | D:5      | Killed Crazy Yiuf
  6052 | D:5      | Noticed Sigmund
  6057 | D:5      | Killed Sigmund
  6302 | D:6      | Gained mutation: You have a pair of small antennae on your
                  | head. [demonic ancestry]
  6302 | D:6      | Reached XP level 8. HP: 52/52 MP: 6/11
  6687 | D:6      | Found a staircase to the Ecumenical Temple.
  6723 | Temple   | Entered the Ecumenical Temple
  6741 | Temple   | Became a worshipper of Vehumet
  7305 | D:6      | Noticed Blork the orc
  7319 | D:6      | Killed Blork the orc
  7431 | D:6      | Noticed Prince Ribbit
  7436 | D:6      | Killed Prince Ribbit
  7752 | D:7      | Reached skill level 1 in Fighting
  7752 | D:7      | Reached skill level 1 in Armour
  7752 | D:7      | Gained mutation: You may rarely emit foul miasma when
                  | damaged in melee. [demonic ancestry]
  7752 | D:7      | Reached XP level 9. HP: 59/59 MP: 3/12
  7898 | D:7      | Reached skill level 2 in Fighting
  8272 | D:7      | Reached * piety under Vehumet
  8272 | D:7      | Offered knowledge of Magic Dart by Vehumet.
  8500 | D:7      | Reached skill level 3 in Fighting
  9368 | D:8      | Reached skill level 4 in Fighting
  9438 | D:8      | Found Dineeros's Armour Emporium.
  9541 | D:8      | Found Atenwi's Magic Scroll Boutique.
  9542 | D:8      | Noticed a two-headed ogre
  9547 | D:8      | Offered knowledge of Sting by Vehumet.
  9548 | D:8      | Reached XP level 10. HP: 71/72 MP: 9/16
  9551 | D:8      | Killed a two-headed ogre
  9551 | D:8      | Reached ** piety under Vehumet
  9552 | D:8      | Reached skill level 5 in Fighting
  9555 | D:8      | Reached skill level 5 in Spellcasting
  9657 | D:8      | Found Razytakk's Assorted Antiques.
  9706 | D:8      | Found a hazy altar of Hepliaklqana.
  9710 | D:8      | Found an opulent altar of Gozag.
  9789 | D:8      | Found Kyod's Assorted Antiques.
  9880 | D:8      | Found an ancient bone altar of Kikubaaqudgha.
 10227 | D:9      | Reached skill level 6 in Fighting
 10322 | D:9      | Noticed Pikel
 10331 | D:9      | Killed Pikel
 10517 | D:9      | Offered knowledge of Momentum Strike by Vehumet.
 10518 | D:9      | Reached skill level 7 in Fighting
 10715 | D:9      | Found a shimmering altar of Xom.
 10715 | D:9      | Found a shimmering altar of Xom.
 10752 | D:9      | Found a shimmering altar of Xom.
 10752 | D:9      | Found a shimmering altar of Xom.
 10753 | D:9      | Found a shimmering altar of Xom.
 10753 | D:9      | Found a shimmering altar of Xom.
 10754 | D:9      | Found a shimmering altar of Xom.
 10756 | D:9      | Found a shimmering altar of Xom.
 10757 | D:9      | Found a shimmering altar of Xom.
 10776 | D:9      | Reached *** piety under Vehumet
 10836 | D:9      | Noticed a two-headed ogre
 10842 | D:9      | Killed a two-headed ogre
 10843 | D:9      | Reached skill level 8 in Fighting
 10843 | D:9      | Gained mutation: You have a pair of antennae on your head.
                  | [demonic ancestry]
 10843 | D:9      | Reached XP level 11. HP: 86/86 MP: 16/22
 11249 | D:10     | Entered Level 10 of the Dungeon
 11323 | D:10     | Noticed Erolcha
 11330 | D:10     | Killed Erolcha
 11427 | D:10     | Noticed Josephine
 11437 | D:10     | Killed Josephine
 11636 | D:10     | Noticed Urug
 11646 | D:10     | Killed Urug
 11647 | D:10     | Reached skill level 9 in Fighting
 11764 | D:10     | Found a large runed translucent door.
 11765 | D:10     | Found a large runed translucent door.
 11770 | D:10     | Noticed paps's ghost (journeyman DsGl)
 11893 | D:10     | Noticed Maggie
 11899 | D:10     | Killed Maggie
 12077 | D:10     | Offered knowledge of Sticky Flame by Vehumet.
 12195 | D:10     | Identified a scroll of acquirement
 12196 | D:10     | Acquired the ring "Gouphume" {rF+ Will++ rCorr}
 12216 | D:10     | Killed paps's ghost
 12473 | D:11     | Reached **** piety under Vehumet
 12474 | D:11     | Reached skill level 10 in Fighting
 12478 | D:11     | Offered knowledge of Frozen Ramparts by Vehumet.
 12672 | D:11     | Reached XP level 12. HP: 88/99 MP: 21/25
 12732 | D:11     | Found a staircase to the Lair.
 13092 | D:11     | Reached skill level 11 in Fighting
 13253 | Lair:1   | Entered Level 1 of the Lair of Beasts
 13275 | Lair:1   | Reached ***** piety under Vehumet
 13275 | Lair:1   | Offered knowledge of Orb of Destruction by Vehumet.
 13508 | Lair:1   | Reached skill level 10 in Fire Magic
 13739 | Lair:1   | Reached skill level 12 in Fighting
 14460 | Lair:1   | Upgraded the game from 0.32-a0-861-g165e151e72 to
                  | 0.32-a0-918-g0f22ef8d61
 14488 | Lair:2   | Noticed a four-headed hydra
 14495 | Lair:2   | Killed a four-headed hydra
 14997 | Lair:2   | Noticed Sonja
 15000 | Lair:2   | Noticed Nergalle
 15006 | Lair:2   | Killed Sonja
 15014 | Lair:2   | Killed Nergalle
 15015 | Lair:2   | Gained mutation: You are mostly covered in icy blue scales.
                  | (AC +3) [demonic ancestry]
 15015 | Lair:2   | Reached XP level 13. HP: 73/108 MP: 5/26
 15047 | Lair:2   | Reached skill level 13 in Fighting
 15229 | Lair:2   | Found a transporter.
 15376 | Lair:2   | Found a transporter.
 15554 | Lair:2   | Found a blossoming altar of Fedhas.
 16096 | Lair:3   | Learned a level 6 spell: Plasma Beam
 16183 | Lair:3   | Reached skill level 1 in Air Magic
 16735 | Lair:3   | Found a hole to the Spider Nest.
 16819 | Lair:3   | Found a staircase to the Shoals.
 16888 | Lair:3   | You fall into a shaft and drop 1 floor!
 16896 | Lair:4   | Offered knowledge of Irradiate by Vehumet.
 17112 | Lair:4   | Reached skill level 14 in Fighting
 17193 | Lair:4   | Identified the +9 battleaxe of Wuib {elec, rPois rC+ rN+++
                  | Dex-3}
 17809 | Lair:4   | Noticed an azure jelly
 17821 | Lair:4   | Killed an azure jelly
 18206 | Lair:5   | Entered Level 5 of the Lair of Beasts
 18343 | Lair:5   | Reached skill level 5 in Air Magic
 18553 | Lair:5   | Gained mutation: Spells you cast and wands you use may
                  | paralyse nearby enemies. [demonic ancestry]
 18553 | Lair:5   | Reached XP level 14. HP: 121/121 MP: 21/27
 18677 | Lair:5   | Reached skill level 1 in Shields
 18855 | Lair:5   | Found a staircase to the Slime Pits.
 19167 | Lair:5   | Offered knowledge of Iskenderun's Battlesphere by Vehumet.
 19731 | Lair:5   | Reached skill level 15 in Fighting
 21146 | Lair:3   | HP: 3/123 [death yak (22)]
 21147 | Lair:3   | Slain by a death yak

Illustrated notes

Levels and vault maps discovered:
D:1:      minmay_arrival_radiant_lines, layout_basic, serial_shops,
          nicolae_shop_window_shopping, st_stairs_5
D:2:      layout_loops_corners, basic_ecumenical_altar, minmay_parallelograms,
          minmay_close_crescents
D:3:      layout_basic, grunt_temple_overflow_cloverleaf, grunt_decor_cap
D:4:      layout_basic, serial_shops, nicolae_stop_n_shop_2, uniq_natasha,
          uniq_eustachio
D:5:      layout_loops_cross, yredelemnul_altar_generic, nicolae_hexahallways,
          dk_vineyard_3, uniq_crazy_yiuf_cottage, uniq_sigmund
D:6:      layout_basic, temple_green, uniq_blork_the_orc, uniq_prince_ribbit1
D:7:      layout_loops_ring
D:8:      layout_rooms, regret_index_kikubaaqudgha_part_by_part, minitemple,
          serial_glass, glass_columns_b, glass_columns_a, serial_shops, shop,
          nicolae_square_shop, shop, shop, small_statue_intersection
D:9:      layout_rooms, xom_shifter_show, uniq_pikel
D:10:     layout_roguey, ebering_ghost_disaster_area, uniq_maggie, uniq_urug,
          uniq_erolcha, uniq_josephine
D:11:     layout_roguey [special_room_orc], due_lair_maze_entry_diamond
Temple:   nicolae_temple_bog_church
Lair:1:   layout_regular_city, serial_rivers, chequers_serial_rivers_micro_b,
          chequers_serial_rivers_large_a, chequers_serial_rivers_micro_d,
          chequers_serial_rivers_micro_a, chequers_serial_rivers_small_3,
          lemuel_fruit_tree, infiniplex_staircase_pool
Lair:2:   gammafunk_worm_tunnel, layout_hall_layers, tgw_fedhas, uniq_sonja,
          uniq_nergalle
Lair:3:   cheibrodos_magma_flow, layout_gridlike,
          mainiacjoe_shoals_entry_four_pools, nicolae_spider_entry_tight_spaces
Lair:4:   layout_hall_layers, nicolae_lair_time_for_slime, grunt_megastairs_2
Lair:5:   minmay_lair_end_enchanted_forest, layout_cave_shapes,
          dpeg_slime_entry_enclosed, nicolae_lair_grazing_beasts
          [nicolae_sub_lair_graze_edge, nicolae_sub_lair_graze_edge,
          nicolae_sub_lair_graze_edge, nicolae_sub_lair_graze_edge],
          grunt_megastairs_5

Skill      XL: |  1  2  3  4  5  6  7  8  9 10 11 12 13 14 |
---------------+-------------------------------------------+-----
Fire Magic     | 3 4 5 6 8 11 12 13 | 13.4
Conjurations   | 2 3 4 5 6 8 |  8.0
Dodging        | 2 4 |  4.1
Fighting       | 1 4 8 10 12 14 15 | 15.2
Armour         | 1 3 4 |  4.0
Spellcasting   | 4 7 9 |  9.1
Air Magic      | 5 6 |  6.0
Shields        | 4 |  4.0
Stealth        | |  1.7

Action                     |  1- 3 |  4- 6 |  7- 9 | 10-12 | 13-15 || total
---------------------------+-------+-------+-------+-------+-------++-------
  Melee: Hand axe          |    55 |    22 |       |       |       ||    77
         Short sword       |       |    93 |       |       |       ||    93
         Staff             |       |       |   117 |    33 |    41 ||   191
         Rapier            |       |       |     8 |       |       ||     8
   Cast: Foxfire           |    73 |   108 |   194 |   215 |   283 ||   873
         Scorch            |       |     2 |    33 |    54 |    59 ||   148
         Flame Wave        |       |       |     4 |    63 |    59 ||   126
         Plasma Beam       |       |       |       |       |    26 ||    26
  Evoke: Wand              |       |       |       |       |     3 ||     3
    Use: Potion            |     3 |       |       |       |       ||     3
         Scroll            |       |       |       |     4 |       ||     4
   Stab: Sleeping          |     3 |     3 |       |       |       ||     6
         Paralysed         |     4 |    22 |    23 |       |       ||    49
 Armour: Robe              |    60 |   112 |       |       |       ||   172
         Leather armour    |       |       |   198 |   201 |   250 ||   649
  Dodge: Dodged            |    49 |    62 |   190 |   149 |   134 ||   584
  Block: Buckler           |       |       |       |       |    30 ||    30

Table legend: (Time is in decaauts)
 A = Elapsed time spent in this place.
 B = Non-inter-level travel time spent in this place.
 C = Inter-level travel time spent in this place.
 D = Time resting spent in this place.
 E = Time spent auto-exploring this place.
 F = Levels seen in this place.
 G = Mean time per level.
                   A        B        C        D        E       F      G
               +--------+--------+--------+--------+--------+-----+--------+
         Total |  21257 |  20740 |    517 |    572 |  16747 |  17 | 1250.4 |
       Dungeon |  13260 |  12962 |    298 |    141 |  10848 |  11 | 1205.5 |
        Temple |     37 |      2 |     35 |      0 |      0 |   1 |   37.0 |
          Lair |   7958 |   7774 |    184 |    431 |   5899 |   5 | 1591.6 |
               +--------+--------+--------+--------+--------+-----+--------+

Top non-repeatable levels by time:
  Lair:5: 1946 daAuts
  Lair:3: 1791 daAuts
     D:1: 1568 daAuts
     D:2: 1526 daAuts
  Lair:4: 1526 daAuts
     D:6: 1406 daAuts
  Lair:1: 1370 daAuts
     D:7: 1329 daAuts
  Lair:2: 1323 daAuts
     D:5: 1288 daAuts
     D:4: 1231 daAuts
     D:8: 1208 daAuts
    D:10: 1178 daAuts
     D:9: 984 daAuts
    D:11: 835 daAuts
